 Dungeon Crawl Stone Soup version 0.28-a0-580-ga2639ab843 (webtiles) character file.

Game seed: 8793784007209967978

28 miscthings the Firebug (level 3, -1/23 HPs)
             Began as a Gargoyle Cinder Acolyte on Oct 2, 2021.
             Was a High Priest of Ignis.
             Slain by a goblin (2 damage)
             ... led by Robin
             ... on level 2 of the Dungeon.
             The game lasted 00:01:17 (1066 turns).

miscthings the Firebug (Gargoyle Cinder Acolyte)    Turns: 1066, Time: 00:01:17

Health: -1/23      AC:  5    Str: 17    XL:     3   Next: 12%
Magic:  0/6        EV: 11    Int: 14    God:    Ignis [*****.]
Gold:   74         SH:  0    Dex:  6    Spells: 4/6 levels left

rFire   + . .      SeeInvis .   a - -1 mace (flame)
rCold   . . .      Faith    .   (no shield)
rNeg    + . .      Spirit   .   b - +0 robe
rPois   ∞          Reflect  .   (no helmet)
rElec   +          Harm     .   (no cloak)
rCorr   .          Rampage  .   (no gloves)
Will    .....                   (no boots)
Stlth   +.........              (no amulet)
HPRegen 0.07/turn               (no ring)
MPRegen 0.10/turn               (no ring)

@: no status effects
A: sickness immunity, AC +3, negative energy resistance 1, electricity
resistance, torment resistance 1, petrification resistance
a: Renounce Religion, Sea of Fire, Foxfire Swarm, Rising Flame


You were on level 2 of the Dungeon.
You worshipped Ignis.
Ignis was extremely pleased with you.
You visited 1 branch of the dungeon, and saw 2 of its levels.

You collected 74 gold pieces.

Inventory:

Hand Weapons
 a - a -1 mace of flaming (weapon)
Armour
 b - a +0 robe (worn)
Scrolls
 c - a scroll of teleportation {unknown}
 d - a scroll of identify {unknown}
 g - a scroll of enchant armour {unknown}
 h - a scroll of vulnerability {unknown}
Potions
 e - a potion of attraction {unknown}
 f - a potion of resistance {unknown}


   Skills:
 - Level 3.2 Fighting
 - Level 3.0 Maces & Flails
 + Level 2.0 Spellcasting
 + Level 3.6 Fire Magic


You had 4 spell levels left.
You knew the following spells:

 Your Spells              Type           Power      Damage    Failure   Level
a - Scorch                Fire           22%        2d6       9%          2

Your spell library contained the following spells:

 Spells                   Type           Power      Damage    Failure   Level
 Sting                    Tmut/Pois      4%         1d3       24%         1
 Poisonous Vapours        Pois/Air       2%         N/A       34%         2
 Olgreb's Toxic Radiance  Pois           1%         N/A       93%         4


Dungeon Overview and Level Annotations

Branches:
Dungeon (2/15)

Altars:

Annotations:
D:2 Robin


Innate Abilities, Weirdness & Mutations

You are immune to sickness and miasma.
Your stone body is resilient. (AC +3)
You are immune to poison.
You resist negative energy. (rN+)
You are resistant to electric shocks. (rElec)
You are resistant to unholy torment.
You are immune to petrification.


Message History

Your Spellcasting skill increases to level 2!
You hit the hobgoblin. You burn the hobgoblin.
You kill the hobgoblin!
You hit the hobgoblin. You burn the hobgoblin.
The hobgoblin is almost dead.
The hobgoblin barely misses you.
Robin roars a battlecry!
The goblins go into a battle-frenzy!
The hobgoblin misses you.
You hear a shout!
You barely miss the hobgoblin.
The hobgoblin is almost dead.
Robin throws the goblin at you! The hobgoblin completely misses you.
You hit the goblin. You burn the goblin.
The goblin is heavily wounded.
The goblin hits you with a +0 dagger. The hobgoblin closely misses you.
The goblin hits you with a +0 dagger.
You barely miss the goblin.
The goblin is heavily wounded.
Robin hits you from afar with a +1 antimagic spear.
The hobgoblin barely misses you. The goblin barely misses you.
You miss the goblin.
The goblin is heavily wounded.
The hobgoblin barely misses you. The goblin hits you with a +0 dagger.
Robin roars a battlecry!
The hobgoblin hits you.
* * * LOW HITPOINT WARNING * * *
You closely miss the goblin.
The goblin is heavily wounded.
The goblin barely misses you. The hobgoblin hits you.
* * * LOW HITPOINT WARNING * * *
Casting: Scorch (safe; 9% risk of failure)
Confirm with . or Enter, or press ? or * to list all spells.
Flames lash the hobgoblin.
You kill the hobgoblin!
The goblin barely misses you.
You hit the goblin but do no damage.
The goblin is heavily wounded.
The goblin barely misses you. The goblin hits you with a +0 dagger.
You die...

.#..# #.#####g.# #.#.#
#.#.g....#
#.#.##########.#.###.##
#.#.##............g..#
#.#.##.#######g#.#####
#.#.##.# #g#.#
#####.#.##.# #.#.#
...(.......#######g#.#
#########....>.g@).#.#
#.##########.. #.# .#
... .... ..... ####..
..#


You could see Robin and a goblin (strong).

Vanquished Creatures
  A dart slug (D:1)
  3 bats (D:1)
  An endoplasm (D:1)
  A giant cockroach (D:1)
  3 goblins
  5 hobgoblins
  A kobold (D:1)
  A quokka (D:1)
  2 ball pythons (D:1)
  2 frilled lizards (D:1)
  3 rats (D:1)
23 creatures vanquished.

Notes
Turn   | Place    | Note
-------+----------+-------------------------------------------
     0 | D:1      | miscthings the Gargoyle Cinder Acolyte began the quest for
                  | the Orb.
     0 | D:1      | Reached XP level 1. HP: 14/14 MP: 2/2
   419 | D:1      | Reached XP level 2. HP: 17/19 MP: 4/4
   460 | D:1      | Found a faded altar of an unknown god.
   813 | D:1      | Learned a level 2 spell: Scorch
  1043 | D:2      | Reached XP level 3. HP: 16/23 MP: 0/5
  1044 | D:2      | Noticed Robin
  1064 | D:2      | HP: 1/23 [hobgoblin[Robin] (5)]
  1066 | D:2      | Slain by a goblin

Illustrated notes

Levels and vault maps discovered:
D:1:      dpeg_arrival_boxes_within_box, layout_rooms,
          hellmonk_ecumenical_altar_leap_of_faith, serial_bayou_pond_c
D:2:      minmay_angry_zag, layout_loops_ring, kennysheep_path_1, uniq_robin

Skill      XL: |  1  2  3 |
---------------+----------+-----
Spellcasting   | 2 |  2.0
Fighting       | |  3.2
Maces & Flails | |  3.0
Fire Magic     | |  3.6

Action                   || total
-------------------------++-------
Melee: Mace              ||    68
 Cast: Scorch            ||     3
Armor: Robe              ||    21
Dodge: Dodged            ||    49

Table legend: (Time is in decaauts)
 A = Elapsed time spent in this place.
 B = Non-inter-level travel time spent in this place.
 C = Inter-level travel time spent in this place.
 D = Time resting spent in this place.
 E = Time spent auto-exploring this place.
 F = Levels seen in this place.
 G = Mean time per level.
                   A        B        C        D        E       F      G
               +--------+--------+--------+--------+--------+-----+--------+
         Total |   1087 |   1038 |     49 |    401 |    431 |   2 |  543.5 |
       Dungeon |   1087 |   1038 |     49 |    401 |    431 |   2 |  543.5 |
               +--------+--------+--------+--------+--------+-----+--------+

Top non-repeatable levels by time:
     D:1: 1008 daAuts
     D:2: 79 daAuts
